 Dungeon Crawl Stone Soup version 0.29.1-15-g9cfb28693d (webtiles) character file.

Game seed: 13435768885203685587

835 raph the Arsonist (level 7, 0/36 HPs)
             Began as a Deep Elf Fire Elementalist on Apr 20, 2023.
             Was an Initiate of Vehumet.
             Slain by Pikel
             ... wielding a +0 whip of electrocution
              (2 damage)
             ... on level 3 of the Dungeon.
             The game lasted 00:07:25 (6046 turns).

raph the Arsonist (Deep Elf Fire Elementalist)      Turns: 6046, Time: 00:07:26

Health: 0/36       AC:  4    Str:  5    XL:     7   Next: 66%
Magic:  15/19      EV: 12    Int: 22    God:    Vehumet [......]
Gold:   115        SH:  0    Dex: 15    Spells: 1/19 levels left

rFire   . . .      SeeInvis .   f - +0 dagger
rCold   . . .      Faith    .   (no shield)
rNeg    . . .      Spirit   .   a - +0 robe
rPois   .          Reflect  .   (no helmet)
rElec   .          Harm     .   g - +1 cloak
rCorr   .          Rampage  .   (no gloves)
Will    .....                   (no boots)
Stlth   ++........              h - amulet of regeneration
HPRegen 0.92/turn               (no ring)
MPRegen 0.16/turn               (no ring)

@: studying Stealth
A: no striking features
a: Renounce Religion


You were on level 3 of the Dungeon.
You worshipped Vehumet.
Vehumet was noncommittal.
You visited 1 branch of the dungeon, and saw 4 of its levels.

You collected 241 gold pieces.
You spent 126 gold pieces at shops.

Inventory:

Hand Weapons
 f - a +0 dagger (weapon)
Armour
 a - a +0 robe (worn)
 g - a +1 cloak (worn)
Jewellery
 h - an amulet of regeneration (around neck)
Wands
 e - a wand of flame (16)
Scrolls
 n - a scroll of magic mapping
 o - a scroll of teleportation
Potions
 b - a potion of magic
 c - 3 potions of lignification {unknown}
 d - a potion of ambrosia
 i - 4 potions of curing
 j - a potion of mutation {unknown}
 k - 3 potions of heal wounds {unknown}
 l - 2 potions of cancellation {unknown}
 m - a potion of flight {unknown}


   Skills:
 - Level 2.4 Dodging
 - Level 2.4 Stealth
 + Level 6.8 Spellcasting
 + Level 1.1 Conjurations
 + Level 8.6 Fire Magic


You had one spell level left.
You knew the following spells:

 Your Spells              Type           Power      Damage    Failure   Level
a - Foxfire               Conj/Fire      100%       2x1d9     1%          1
b - Scorch                Fire           90%        2d10      1%          2
c - Conjure Flame         Conj/Fire      29%        6-21      3%          3
d - Inner Flame           Hex/Fire       26%        N/A       4%          3
e - Flame Wave            Conj/Fire      29%        2d9       11%         4
f - Stone Arrow           Conj/Erth      18%        3d8       21%         3
g - Passwall              Tmut/Erth      5%         N/A       13%         2

Your spell library contained the following spells:

 Spells                   Type           Power      Damage    Failure   Level
 Sandblast                Erth           14%        2d6       9%          1
 Gell's Gravitas          Tloc           7%         N/A       26%         3
 Lesser Beckoning         Tloc           7%         N/A       26%         3
 Teleport Other           Tloc           7%         N/A       26%         3


Dungeon Overview and Level Annotations

Branches:
Dungeon (4/15)
 Temple: D:4-7

Altars:
Kikubaaqudgha
Trog
Vehumet
Yredelemnul

Shops:
D:3 *

Annotations:
D:3 Pikel


Message History

The lemure hits you.
A lemure is nearby!
A lemure is nearby!
You hit the lemure but do no damage.
The lemure is almost dead.
The foxfire hits the lemure.
The lemure is burned terribly!
You kill the lemure!
That felt strangely unrewarding.
You start resting.
Your foxfire dissipates!
You start resting.
HP restored.
You start resting.
Magic restored.
You start waiting.
Done waiting.
Done exploring.
You climb downwards.
Level annotation: Pikel Pikel shouts!
There is a stone staircase leading up here.
Pikel hits you with a +0 whip of electrocution!
You are electrocuted!!
Ouch! That really hurt!
* * * LOW HITPOINT WARNING * * *
You climb upwards.
There is a stone staircase leading down, spattered with blood here.
Casting: Foxfire (safe; 1% risk of failure)
Confirm with . or Enter, or press ? or * to list all spells.
Flames lash Pikel.
Pikel is lightly wounded.
Pikel's fire resistance burns away.
Pikel hits you with a +0 whip of electrocution!
* * * LOW HITPOINT WARNING * * *
Casting: Scorch (safe; 1% risk of failure)
Confirm with . or Enter, or press ? or * to list all spells.
Flames lash Pikel.
Pikel is burned terribly!
Pikel is heavily wounded.
Pikel hits you with a +0 whip of electrocution.
You die...

#.....### #.#.............##
........###.#..........####
######...##.#.........##
#.#.##.#.........#
#.#.##....###...##
######.#.......###.###
.......####........#
###########.......##
..........#.....@.######
#########.#.....K......#######
#.#.........)..'.....#
#.#............#####.#
#.#............# #.#
#.#............# #.#
#.#............# #.#
#.#............# #.#
#.#............# #.#


You could see Pikel (combustible).

Vanquished Creatures
  Sigmund (D:3)
  2 black bears (D:4)
  3 lemures
  A necrophage (D:4)
  A scorpion (D:4)
  2 hounds
  An orc priest (D:4)
  Crazy Yiuf (D:2)
  Terence (D:2)
  Natasha (thrice) (D:1)
  An orc wizard (D:4)
  5 adders
  3 dart slugs
  A worm (D:2)
  8 orcs
  8 bats
  6 endoplasms
  4 giant cockroaches
  6 goblins
  5 hobgoblins
  4 jackals (D:1)
  2 quokkas (D:1)
  5 ball pythons
  3 frilled lizards (D:1)
  7 kobolds
  5 rats
89 creatures vanquished.

Vanquished Creatures (others)
  186 foxfires
186 creatures vanquished.

Grand Total: 275 creatures vanquished

Notes
Turn   | Place    | Note
-------+----------+-------------------------------------------
     0 | D:1      | raph the Deep Elf Fire Elementalist began the quest for the
                  | Orb.
     0 | D:1      | Reached XP level 1. HP: 10/10 MP: 6/6
   169 | D:1      | Found a faded altar of an unknown god.
   196 | D:1      | Reached skill level 4 in Fire Magic
   196 | D:1      | Reached XP level 2. HP: 10/15 MP: 1/8
   726 | D:1      | Learned a level 2 spell: Scorch
   856 | D:1      | Reached XP level 3. HP: 16/19 MP: 4/9
   897 | D:1      | Learned a level 3 spell: Conjure Flame
  1138 | D:2      | Noticed Terence
  1138 | D:2      | Noticed Natasha
  1138 | D:2      | Found a bloodstained altar of Trog.
  1146 | D:1      | Killed Natasha
  1147 | D:1      | Reached skill level 5 in Fire Magic
  1162 | D:1      | Noticed Natasha
  1175 | D:1      | Killed Natasha
  1176 | D:1      | Reached XP level 4. HP: 20/24 MP: 1/10
  1319 | D:1      | Noticed Natasha
  1332 | D:1      | Killed Natasha
  1333 | D:1      | Reached skill level 6 in Fire Magic
  1882 | D:2      | Killed Terence
  1883 | D:2      | Reached XP level 5. HP: 18/28 MP: 5/11
  2386 | D:2      | Found a runed translucent door.
  2387 | D:2      | Noticed Crazy Yiuf
  2395 | D:2      | Killed Crazy Yiuf
  3261 | D:3      | Found an ancient bone altar of Kikubaaqudgha.
  3297 | D:3      | Learned a level 3 spell: Inner Flame
  3531 | D:3      | Found a basalt altar of Yredelemnul.
  3535 | D:3      | Found a radiant altar of Vehumet.
  3557 | D:3      | Became a worshipper of Vehumet
  4089 | D:3      | Noticed Sigmund
  4094 | D:3      | Killed Sigmund
  4095 | D:3      | Reached skill level 7 in Fire Magic
  4095 | D:3      | Reached XP level 6. HP: 32/32 MP: 7/14
  4144 | D:3      | Found Dihiehof's General Store.
  4154 | D:3      | Bought a scroll of magic mapping for 90 gold pieces
  4154 | D:3      | Bought a scroll of teleportation for 36 gold pieces
  4346 | D:4      | Reached skill level 5 in Spellcasting
  4572 | D:4      | Reached skill level 8 in Fire Magic
  4572 | D:4      | Reached XP level 7. HP: 36/36 MP: 9/17
  5141 | D:4      | Learned a level 4 spell: Flame Wave
  5262 | D:4      | Learned a level 3 spell: Stone Arrow
  5265 | D:4      | Learned a level 2 spell: Passwall
  5611 | D:4      | Noticed Pikel
  6045 | D:3      | HP: 1/36 [Pikel/+0 whip of electrocution (10)]
  6046 | D:3      | Slain by Pikel

Illustrated notes

Levels and vault maps discovered:
D:1:      minmay_arrival_checkered_box, layout_basic,
          shapermc_ecumenical_altar_venn
D:2:      layout_rooms, basic_altar, uniq_crazy_yiuf_cottage, uniq_terence,
          uniq_natasha
D:3:      layout_basic, yredelemnul_altar_generic,
          lemuel_coloured_pillars_altar, mainiacjoe_overflow_small_starburst,
          serial_shops, shop, minmay_goblin_kobold_house, uniq_sigmund
D:4:      layout_basic, kennysheep_little_box, minmay_manual_mess, uniq_pikel

Skill      XL: |  1  2  3  4  5  6  7 |
---------------+----------------------+-----
Fire Magic     | 4 5 6 7 8 |  8.6
Spellcasting   | 4 5 6 |  6.8
Dodging        | |  2.4
Stealth        | |  2.4
Conjurations   | |  1.1

Action                   |  1- 3 |  4- 6 |  7- 9 || total
-------------------------+-------+-------+-------++-------
Melee: Dagger            |     5 |     8 |     4 ||    17
 Cast: Foxfire           |    39 |    50 |    33 ||   122
       Scorch            |     6 |    26 |    26 ||    58
       Conjure Flame     |       |     4 |     1 ||     5
       Inner Flame       |       |     2 |       ||     2
       Flame Wave        |       |       |     1 ||     1
  Use: Scroll            |       |     7 |       ||     7
Armor: Robe              |     6 |    10 |     7 ||    23
Dodge: Dodged            |    19 |    32 |    24 ||    75
